 Dungeon Crawl Stone Soup version 0.30-a0-779-g7971cf19c3 (webtiles) character file.

Game seed: 10834416008634768507

74 xian the Chopper (level 4, -5/63 HPs)
             Began as a Naga Berserker on Feb 18, 2023.
             Was a Believer of Trog.
             Slain by a gnoll
             ... wielding a +0 whip
              (7 damage)
             ... on level 3 of the Dungeon.
             The game lasted 00:06:35 (2790 turns).

xian the Chopper (Naga Berserker)                   Turns: 2790, Time: 00:06:35

Health: -5/63      AC:  4    Str: 21    XL:     4   Next: 28%
Magic:  4/4        EV:  9    Int:  8    God:    Trog [**....]
Gold:   211        SH:  0    Dex: 10    Spells: 3/3 levels left

rFire   + . .      SeeInvis +    a - +0 hand axe
rCold   . . .      Faith    .    (no shield)
rNeg    . . .      Spirit   .    i - +1 leather armour {rF+}
rPois   +          Reflect  .    (no helmet)
rElec   .          Harm     .    (no cloak)
rCorr   +          Rampage  .    (no gloves)
Will    .....                    (no barding) Stlth
                                 (no amulet)
HPRegen 0.30/turn                l - ring of resist corrosion
MPRegen 0.09/turn                (no ring)

@: berserking, quick
A: AC +1, large, see invisible, deformed body, poison resistance, slowness 2,
spit poison 1, naga tail 1
a: Spit Poison, Renounce Religion, Berserk, Trog's Hand


You were on level 3 of the Dungeon.
You worshipped Trog.
Trog was pleased with you.
You visited 1 branch of the dungeon, and saw 3 of its levels.

You collected 211 gold pieces.

Inventory:

Hand Weapons
 a - a +0 hand axe (weapon)
Missiles
 h - 37 stones
Armour
 g - a +0 scale mail
 i - a +1 leather armour of fire resistance (worn)
Magical Staves
 p - a staff of conjuration
Jewellery
 l - a ring of resist corrosion (left hand)
Scrolls
 b - a scroll of acquirement {unknown}
 c - 3 scrolls of poison
 d - 3 scrolls of identify {unknown}
 e - a scroll of fear {unknown}
 f - a scroll of enchant weapon {unknown}
 j - a scroll of brand weapon {unknown}
 n - a scroll of noise {unknown}
 t - a scroll of amnesia {unknown}
 u - a scroll of fog {unknown}
Potions
 k - a potion of ambrosia {unknown}
 m - 2 potions of invisibility {unknown}
 o - a potion of magic {unknown}
 q - a potion of flight {unknown}
 r - 2 potions of might {unknown}
 s - a potion of curing {unknown}


   Skills:
 + Level 3.5 Fighting
 + Level 3.9 Axes
 + Level 2.1 Armour
 + Level 2.0 Dodging


You had 3 spell levels left.
You didn't know any spells.
Your spell library contained the following spells:

 Spells                   Type           Power      Damage    Failure   Level
 Sting                    Tmut/Pois      0%         1d3       45%         1
 Poisonous Vapours        Pois/Air       0%         N/A       58%         2
 Hailstorm                Conj/Ice       0%         3d3       83%         3
 Ice Form                 Ice/Tmut       0%         N/A       99%         4
 Olgreb's Toxic Radiance  Pois           0%         N/A       99%         4
 Simulacrum               Ice/Necr       0%         N/A       100%        6


Dungeon Overview and Level Annotations

Branches:
Dungeon (3/15)

Altars:
Ashenzari
Fedhas


Innate Abilities, Weirdness & Mutations

Your serpentine skin is tough. (AC +1)
You have supernaturally acute eyesight. (SInv)
Armour fits poorly on your strangely shaped body.
Your system is resistant to poisons. (rPois)
You cover ground very slowly.
You can spit poison.
You have a snake-like lower body.


Message History

The gnoll shouts!
You hear a shout! x3
Aiming: Spit Poison (1% risk of failure)
Press: ? - help, Shift-Dir - straight line, f - gnoll
Aim: a gnoll, wielding a +0 club (65% to hit)
The splash of poison hits the gnoll.
The gnoll is poisoned.
The gnoll is moderately wounded.
A gnoll comes into view. It is wielding a +2 vampiric spear.
The gnoll hits you with a +0 club.
A gnoll comes into view. It is wielding a +0 halberd.
You hit the gnoll but do no damage.
The gnoll is moderately wounded.
The gnoll hits you with a +0 club!
The gnoll hits you from afar with a +2 vampiric spear!
A gnoll comes into view. It is wielding a +0 whip.
The gnoll hits you but does no damage. The gnoll barely misses you.
You hit the gnoll.
The gnoll is severely wounded.
You kill the gnoll!
Trog accepts your kill.
The gnoll hits you from afar with a +2 vampiric spear.
You have got your breath back.
The gnoll hits you with a +2 vampiric spear!
* * * LOW HITPOINT WARNING * * *
The gnoll splashes around in the water.
The gnoll misses you.
Things that are here:
a +0 club; a gnoll corpse A red film seems to cover your vision as you go berserk!
You feel yourself moving faster!
You feel mighty!
The gnoll hits you with a +2 vampiric spear.
* * * LOW HITPOINT WARNING * * *
The gnoll hits you but does no damage. The gnoll hits you with a +0 whip.
* * * LOW HITPOINT WARNING * * *
You hit the gnoll.
The gnoll is moderately wounded.
You slash the gnoll!
The gnoll hits you with a +2 vampiric spear.
* * * LOW HITPOINT WARNING * * *
The gnoll draws strength from your wounds!
The gnoll hits you with a +0 whip!
You die...

#.....# #......#
#.....# #...####
#..########..#
##..#
#......##### ##.#
#...........
#.###.......#
#.....>....#.
#####.###.#~.....
#.##@#.~~...~
#.#g#g.~.~~~.
#.#. g~~~≈≈.~
#... ...≈_.≈.
###. ~~~~≈≈.~ #.
..~.~~~. ##
#.~~...~ #~....


You could see 3 gnolls.

Vanquished Creatures
  A gnoll (D:3)
  A worm (D:2)
  2 dart slugs
  5 endoplasms
  4 giant cockroaches
  5 goblins
  4 hobgoblins
  3 jackals (D:1)
  7 kobolds
  3 quokkas
  6 ball pythons
  3 bats
  2 frilled lizards (D:2)
  6 rats
52 creatures vanquished.

Notes
Turn   | Place    | Note
-------+----------+-------------------------------------------
     0 | D:1      | xian the Naga Berserker began the quest for the Orb.
     0 | D:1      | Reached XP level 1. HP: 21/21 MP: 1/1
   228 | D:1      | Reached XP level 2. HP: 28/28 MP: 2/2
   854 | D:1      | Reached XP level 3. HP: 25/34 MP: 3/3
  1678 | D:2      | Reached ** piety under Trog
  2064 | D:2      | Found a blossoming altar of Fedhas.
  2521 | D:3      | Found a broken altar of Ashenzari.
  2631 | D:3      | Reached XP level 4. HP: 41/42 MP: 4/4
  2781 | D:3      | Found a faded altar of an unknown god.
  2790 | D:3      | HP: 2/63 [gnoll/+2 vampiric spear (5)]
  2790 | D:3      | Slain by a gnoll

Illustrated notes

Levels and vault maps discovered:
D:1:      psy_arrival_fountain, layout_basic, st_stairs_5, minmay_octomino_e4
D:2:      layout_loops_corners, serial_forest, infiniplex_forest_end_2,
          infiniplex_forest_zigzag_2, infiniplex_forest_lined_room_2,
          infiniplex_forest_3_way, infiniplex_forest_zigzag_1,
          infiniplex_forest_straight_3, basic_altar
D:3:      minmay_bubble_buster, layout_basic, mainiacjoe_overflow_tiny_flanked,
          shapermc_ecumenical_altar_starsandcircs, minmay_misc_feat_nine_boxes,
          kennysheep_decorative_pillar, dreamdust_wishing_well, minmay_puff

Skill      XL: |  1  2  3  4 |
---------------+-------------+-----
Armour         | 2 |  2.1
Dodging        | 2 |  2.0
Fighting       | |  3.5
Axes           | |  3.9

Action                     |  1- 3 |  4- 6 || total
---------------------------+-------+-------++-------
  Melee: Hand axe          |   119 |     3 ||   122
         Punch             |     1 |       ||     1
 Invoke: Berserk           |     1 |     1 ||     2
Ability: Spit Poison       |    12 |     6 ||    18
    Use: Scroll            |     1 |       ||     1
   Stab: Sleeping          |     1 |       ||     1
 Armour: Animal skin       |     1 |       ||     1
         Leather armour    |    33 |     4 ||    37
         Ring mail         |     6 |       ||     6
  Dodge: Dodged            |    68 |     2 ||    70

Table legend: (Time is in decaauts)
 A = Elapsed time spent in this place.
 B = Non-inter-level travel time spent in this place.
 C = Inter-level travel time spent in this place.
 D = Time resting spent in this place.
 E = Time spent auto-exploring this place.
 F = Levels seen in this place.
 G = Mean time per level.
                   A        B        C        D        E       F      G
               +--------+--------+--------+--------+--------+-----+--------+
         Total |   3770 |   3657 |    113 |      0 |   2785 |   3 | 1256.7 |
       Dungeon |   3770 |   3657 |    113 |      0 |   2785 |   3 | 1256.7 |
               +--------+--------+--------+--------+--------+-----+--------+

Top non-repeatable levels by time:
     D:1: 1876 daAuts
     D:2: 1530 daAuts
     D:3: 363 daAuts
